[Event "FIDE WSCC 50 2022"]
[Site "Assisi"]
[Date "2022.11.17"]
[Round "3.24"]
[White "Krasenkova, Elena"]
[Black "Vinter-Schou, Uffe"]
[Result "1/2-1/2"]
[ECO "E20"]
[WhiteElo "2124"]
[BlackElo "2375"]
[Annotator "TA"]
[PlyCount "178"]
[EventDate "2022.11.14"]
[EventType "swiss"]
[EventCountry "ITA"]
[SourceTitle "playchess.com"]
[Source "ChessBase"]
[SourceQuality "1"]
[TimeControl "40/5400+30:1800+30"]

1. d4 Nf6 2. c4 e6 3. Nc3 Bb4 4. Qc2 O-O 5. Bd2 c5 6. a3 {E20: Nimzo-Indian: 4 g3 and 4 f3.} cxd4 (6... Bxc3 $11 7. Bxc3 cxd4 8. Bxd4 b6) 7. axb4 $14 dxc3 {[#]} 8. bxc3 $146 (8. Bxc3 $14 d5 9. e3) ({Predecessor:} 8. Bxc3 d5 9. b3 d4 10. Bb2 e5 11. g3 Nc6 12. Ba3 Re8 13. Bg2 e4 14. b5 d3 15. Qd2 Nd4 16. Rb1 e3 17. fxe3 Nc2+ {0-1 (17) Lautenbach,W-Wessel,R freechess.de 2014}) 8... d6 $11 9. e4 b6 10. Nf3 Bb7 11. Bd3 Nbd7 12. O-O Qc7 13. Rfe1 h6 14. Nd4 a6 15. f4 {Prevents Ne5.} e5 16. Nf5 Rfe8 17. Rad1 Rad8 (17... Re6 $11) 18. g3 ({Better is} 18. Bc1 $14) 18... Qc6 (18... b5 $15 19. cxb5 axb5) 19. Re2 (19. Be3 $11) 19... Nf8 20. Rde1 Ng6 21. Bc1 (21. Qc1 $11) 21... b5 $1 $15 22. cxb5 axb5 {Hoping for ...d5.} 23. c4 {Against d5} (23. Rf1 $17 {might work better.}) 23... bxc4 24. Qxc4 {[#]} Qxc4 (24... Qd7 $142 $1 25. Rf1 d5) 25. Bxc4 $17 exf4 (25... Bxe4 {is interesting.} 26. Rxe4 Nxe4 27. Bb5 d5) 26. gxf4 Rxe4 27. Rxe4 Nxe4 (27... Bxe4 $15 28. Nxh6+ gxh6) 28. Bd3 d5 29. Kf1 Rd7 30. Nd4 Rc7 31. b5 Rc3 32. Ke2 Bc8 {...Bg4+ is the strong threat.} 33. Rg1 {Prevents Bg4+.} h5 34. b6 Nc5 35. Bxg6 (35. Bb1 $1 $11) 35... fxg6 36. Bb2 {[#]} Ba6+ ({Black should play} 36... Rh3 $1 $17 37. Ba1 Ba6+ 38. Kf2 Rxh2+ 39. Kf3 Rh3+ 40. Kg2 Ra3) 37. Kd1 Rd3+ (37... Rc4 $1 $15 {feels stronger.} 38. Rxg6 Nd3) 38. Kc2 Rh3 39. Rg2 Kf7 40. Nc6 Nd7 (40... h4 $11 {remains equal.}) 41. b7 $1 $16 {White is more active.} Bd3+ (41... Bxb7 $16 {is a better defense.} 42. Nd8+ Kf8) 42. Kc1 $18 {Threatens to win with Ne5+.} Ke6 43. Rg3 $2 (43. Ne5 $18 {Black must now prevent Nxd7.} Nb8 44. Nxd3 (44. Nxg6 Be4 $18) 44... Rxd3 45. Kc2) 43... Rxg3 $11 {The position is equal.} 44. hxg3 {[%mdl 4096] Endgame And now Ne5 would win. KBN-KBN} Ba6 45. b8=Q Nxb8 46. Nxb8 Bb5 47. Bxg7 Kf5 48. Kd2 g5 49. fxg5 Kxg5 50. Ke3 h4 51. gxh4+ Kxh4 52. Bf8 Kh5 53. Kf4 Kg6 54. Ke5 Bc4 55. Nc6 Kg5 56. Bc5 Kg4 57. Bd4 Kf3 58. Nd8 Ke2 59. Ne6 Kf3 60. Bc5 Ke2 61. Ng5 Kd3 62. Bd4 Kc2 63. Ne6 Kd3 64. Nc5+ Kd2 65. Bf2 Ke2 66. Bh4 $1 Kf3 67. Bg5 Kg4 68. Bf4 Kf3 69. Ne6 Ke2 70. Kd4 Kf3 71. Be5 Kg4 72. Ng7 Kf3 73. Bd6 Kg4 74. Ke3 Kg5 75. Ne6+ Kf6 76. Nd4 Kg5 77. Kf3 Kf6 78. Kf4 $1 Bd3 79. Be5+ Kg6 80. Bc7 Kf6 81. Bd8+ Kf7 82. Ke5 Be4 83. Bf6 Kg6 84. Ne6 Kf7 85. Nf4 Bf3 86. Bh4 Be4 87. Ne6 Kg6 88. Nf4+ Kf7 89. Bg5 Bf3 {Never resign too early!  Weighted Error Value: White=0.26 (precise) /Black=0.22 (precise)} 1/2-1/2

[Event "FIDE WSCC 50 2022"]
[Site "Assisi"]
[Date "2022.11.17"]
[Round "3.25"]
[White "Krizsany, Laszlo"]
[Black "Fayard, Alain"]
[Result "1-0"]
[ECO "E16"]
[WhiteElo "2371"]
[BlackElo "2210"]
[Annotator "TA"]
[PlyCount "49"]
[EventDate "2022.11.14"]
[EventType "swiss"]
[EventCountry "ITA"]
[SourceTitle "playchess.com"]
[Source "ChessBase"]
[SourceQuality "1"]
[TimeControl "40/5400+30:1800+30"]

1. d4 Nf6 2. c4 e6 3. Nf3 Bb4+ 4. Bd2 a5 5. g3 b6 6. Bg2 Bb7 7. O-O O-O 8. Bg5 Be7 9. Qc2 c5 {E16: Queen's Indian: 4 g3 Bb7 5 Bg2 Bb4+.} 10. Nc3 cxd4 11. Nxd4 Bxg2 {The position is equal.} 12. Kxg2 Qc8 {[#]} 13. b3 $146 ({Predecessor:} 13. Ne4 Qb7 14. f3 Nxe4 15. Bxe7 Re8 16. Ba3 Nc5 17. Rfd1 Nba6 18. Nb5 Red8 19. Rd6 {1-0 (76) Mishuchkov,N (2418)-Sloth,J (2349) Rijeka 2011}) 13... Qc5 14. Qd2 h6 (14... d5 $1 $11 {might be stronger.}) 15. Be3 (15. Bxf6 $5 Bxf6 16. Rad1 $14) 15... Ng4 16. Na4 Qc7 17. Rad1 (17. Kg1 $16) 17... Nxe3+ 18. Qxe3 Na6 19. Qf3 Nc5 20. Nb5 Qc6 21. Nxc5 Bxc5 22. Rd3 Rfc8 ({Better is} 22... g5 $14) 23. Rfd1 $16 {White is more active.} d5 {[#]} 24. a4 $1 dxc4 $2 {[%mdl 8192] [#]} (24... Rd8 $16 25. cxd5 exd5) 25. Rd8+ $3 {[%mdl 512] Weighted Error Value: White=0.11 (very precise) /Black=0.45} 1-0

[Event "FIDE WSCC 50 2022"]
[Site "Assisi"]
[Date "2022.11.17"]
[Round "3.27"]
[White "Cummings, David H."]
[Black "Wolf, Eran"]
[Result "1-0"]
[ECO "A28"]
[WhiteElo "2318"]
[BlackElo "1787"]
[Annotator "TA"]
[PlyCount "57"]
[EventDate "2022.11.14"]
[EventType "swiss"]
[EventCountry "ITA"]
[SourceTitle "playchess.com"]
[Source "ChessBase"]
[SourceQuality "1"]
[TimeControl "40/5400+30:1800+30"]

1. c4 e5 2. Nc3 Nf6 3. Nf3 Nc6 4. e3 Bb4 5. Qc2 Bxc3 6. bxc3 O-O 7. e4 {A28: English Opening: Four Knights Variation.} Re8 8. g3 d6 9. Bg2 {[#] The position is equal.} Bg4 $146 ({Predecessor:} 9... a6 10. O-O Be6 11. d3 b5 12. cxb5 axb5 13. h3 h6 14. Be3 Ra5 15. Rfb1 Qc8 {1-0 (40) Khudyakov,A (2238)-Gasanov,E (2440) Alushta 2001}) 10. h3 Be6 11. d3 h6 12. O-O Ne7 13. Ne1 Qc8 14. Kh2 Nh7 15. f4 exf4 16. Bxf4 g5 (16... Ng5 $11) 17. Be3 $16 Ng6 18. Rb1 Rb8 ({Black should try} 18... c5) 19. Bxa7 {White is more active.} Ra8 20. Be3 c6 21. Rb2 Ne5 22. Nf3 Nxf3+ 23. Rxf3 h5 (23... Qd7 $142 24. Rf2 Qe7) 24. Rf1 $18 h4 (24... f6 $142 25. Qe2 g4) 25. gxh4 g4 26. hxg4 {White is clearly winning.} Bxg4 27. Qf2 Qd7 28. Qg3 {[#] Black must now prevent Bh3.} Ra5 29. Rf4 {Weighted Error Value: White=0.06 (flawless) /Black=0.40} 1-0

[Event "FIDE WSCC 50 2022"]
[Site "Assisi"]
[Date "2022.11.17"]
[Round "3.28"]
[White "Fiore, Mario Angelo"]
[Black "Danielsen, Henrik"]
[Result "0-1"]
[ECO "B09"]
[WhiteElo "2213"]
[BlackElo "2514"]
[Annotator "TA"]
[PlyCount "66"]
[EventDate "2022.11.14"]
[EventType "swiss"]
[EventCountry "ITA"]
[SourceTitle "playchess.com"]
[Source "ChessBase"]
[SourceQuality "1"]
[TimeControl "40/5400+30:1800+30"]

1. e4 d6 2. d4 Nf6 3. Nc3 g6 4. f4 Bg7 5. Nf3 O-O 6. Bd3 Nc6 7. e5 dxe5 8. dxe5 Nd5 9. Nxd5 Qxd5 10. Qe2 Bg4 11. Be4 Qa5+ 12. Bd2 {B09: Pirc Defence: Austrian Attack.} Qb6 13. Bc3 {Against Nd4} (13. O-O-O $5 ) 13... Rad8 14. Qf2 {The position is equal.} f6 15. exf6 (15. Qxb6 $11 {remains equal.} axb6 16. O-O) 15... Bxf6 $17 16. Qxb6 Bxc3+ 17. bxc3 axb6 18. g3 Bxf3 19. Bxf3 e5 {[#]} 20. O-O $146 ({Of course not} 20. Bxc6 bxc6 21. fxe5 Rf5) ({Predecessor:} 20. Bxc6 bxc6 21. fxe5 Rf5 22. Rd1 Rxe5+ 23. Kf2 Rf8+ 24. Kg2 Re2+ 25. Kh3 Rf7 26. Rhf1 Rxf1 27. Rxf1 Rxc2 {0-1 (35) Gawle,I-Perdek,M Poland 1991}) 20... exf4 21. gxf4 Kg7 22. Be4 Rde8 23. Bd3 Ne7 24. Be4 {Against Nd5} Nf5 25. Bxb7 Re3 26. Rf3 Rxf3 27. Bxf3 {[%mdl 4096] Endgame KRB-KRN} Nd6 28. Bd5 Rxf4 29. a4 Nf5 30. c4 Ne3 31. Re1 Nxd5 {Black has more active pieces.} ({Reject} 31... Nxc2 $6 32. Re7+ Kf6 33. Rxc7 $15) 32. cxd5 Kf7 {Inhibits Re7+.} ({Much weaker is} 32... Rxa4 $6 33. Re7+ Kf6 34. Rxc7 $11) 33. a5 $2 {[#]} (33. Re6 $17 {is a better defense.}) 33... bxa5 {White did not feel at home in the position after the opening.  Weighted Error Value: White=0.16 (very precise) /Black=0.01 (flawless)} 0-1

[Event "FIDE WSCC 50 2022"]
[Site "Assisi"]
[Date "2022.11.18"]
[Round "4.1"]
[White "Lima, Darcy"]
[Black "Sturua, Zurab"]
[Result "1-0"]
[ECO "C45"]
[WhiteElo "2415"]
[BlackElo "2522"]
[Annotator "TA"]
[PlyCount "64"]
[EventDate "2022.11.14"]
[EventType "swiss"]
[EventCountry "ITA"]
[SourceTitle "playchess.com"]
[Source "ChessBase"]
[SourceQuality "1"]
[TimeControl "40/5400+30:1800+30"]

1. e4 e5 2. Nf3 Nc6 3. d4 exd4 4. Nxd4 Bc5 5. Nb3 Bb4+ 6. Bd2 a5 {[%emt 0:04:24] C45: Scotch Game.} 7. a3 Bxd2+ {[%emt 0:01:32] was the old line (7...Be7).} 8. Qxd2 (8. N1xd2 a4 9. Nc1 d6 $11) 8... Nge7 {[%emt 0:01:38] White is slightly better.} 9. Nc3 {[%emt 0:00:57] White is more active.} d6 10. O-O-O O-O 11. f4 {[%emt 0:03:34] [#]} Be6 $146 ({Predecessor:} 11... f5 12. Bc4+ Kh8 13. g3 a4 14. Nd4 Nxd4 15. Qxd4 fxe4 16. Nxe4 Bg4 17. Rd2 Qd7 {½-½ (44) Cemhan,K (1952)-Ozturk Orenli,K (2309) Kemer 2012}) 12. Be2 Nc8 13. h4 Nb6 14. Nd4 Re8 15. g4 Bc4 (15... Nxd4 $16 16. Qxd4 Qe7) 16. Bxc4 ({Better is} 16. h5 $18) 16... Nxc4 $16 17. Qd3 Nb6 (17... Nxd4 $16 {is a better defense.} 18. Qxd4 Nb6) 18. Nf5 $18 Ne7 19. Ne3 Ng6 20. Ng2 Nf8 21. g5 Qd7 (21... Nfd7 {might work better.} 22. Qf3 Nc5) 22. h5 {[%emt 0:07:08][%cal Bh4h5,Bh5h6][%mdl 32] aiming for h6.} Qc6 23. h6 {[%emt 0:00:24] [#] And now hxg7 would win.} g6 24. Ne3 (24. Qd4 Ne6 25. Qf2 (25. Qf6 $2 Nd7 $19) 25... Nd7 $16) 24... Qc5 25. Ncd5 {[%emt 0:04:33] Strongly threatening b4.} Nfd7 26. b4 axb4 27. axb4 {[%emt 0:00:02] The board is on fire.} Qc6 28. Qd4 {[%emt 0:00:24][%csl Gh6][%cal Rd4g7] Prevents f6.} f6 29. Nxf6+ Nxf6 {[%emt 0:00:09] White has a decisive advantage.} 30. Qxf6 ({Worse is} 30. gxf6 Kf7 31. e5 Qa4 $15) 30... Qd7 {[%emt 0:00:06] Inhibits Qg7+.} 31. Qd4 Re7 {[%emt 0:01:27] [#]} 32. f5 {[%emt 0:01:16] Against Qe6} Qc6 {[%emt 0:00:00] Weighted Error Value: White=0.10 (very precise) /Black=0.21 (precise)} 1-0

[Event "FIDE WSCC 50 2022"]
[Site "Assisi"]
[Date "2022.11.18"]
[Round "4.2"]
[White "Morovic Fernandez, Ivan"]
[Black "Antonio, Rogelio Jr"]
[Result "1/2-1/2"]
[ECO "E32"]
[WhiteElo "2480"]
[BlackElo "2397"]
[Annotator "TA"]
[PlyCount "89"]
[EventDate "2022.11.14"]
[EventType "swiss"]
[EventCountry "ITA"]
[SourceTitle "playchess.com"]
[Source "ChessBase"]
[SourceQuality "1"]
[TimeControl "40/5400+30:1800+30"]

1. d4 Nf6 2. c4 e6 3. Nc3 Bb4 4. Qc2 O-O 5. a3 Bxc3+ 6. Qxc3 b6 7. Bg5 Bb7 8. e3 d6 9. f3 h6 10. Bh4 Nbd7 11. Nh3 {[%emt 0:01:52] has lost popularity (11.Bd3).} c5 12. dxc5 bxc5 13. Be2 {[%emt 0:02:16] E32: Nimzo-Indian: Classical (4 Qc2): 4...0-0.} a5 14. O-O d5 15. Rad1 {[%emt 0:04:39] White has an edge.} Qb6 16. Rd2 Rfc8 17. Rfd1 Bc6 {[%emt 0:00:55] [#]} 18. Bf2 $146 ({Predecessor:} 18. Nf2 Ba4 19. Rc1 Bb3 20. Ng4 Nxg4 21. fxg4 a4 22. g5 hxg5 23. Bxg5 Re8 24. cxd5 {½-½ (24) Winkler,T (2631)-Hiltunen,R (2503) ICCF email 2007}) 18... Ba4 19. Rb1 Bb3 20. cxd5 exd5 21. Nf4 ({White should play} 21. Bd1 $11 Bxd1 22. Rbxd1) 21... Qb7 (21... g5 $15 22. Nh3 a4) 22. Bd1 $11 Bxd1 23. Rbxd1 Nb6 24. Nd3 Nfd7 (24... c4 $5 25. Ne5 Na4 $11) 25. Qc2 a4 26. Nf4 Nf6 27. Qf5 Rc6 28. Re2 Re8 29. Be1 g6 (29... g5 $5 30. Nd3 Qd7 31. Qxd7 Nfxd7 $11) 30. Qc2 g5 31. Nd3 Qc8 32. Rc1 Nfd7 33. h4 Rce6 (33... Ree6 $11) 34. hxg5 $16 hxg5 35. Nf2 ({White must play} 35. Nxc5 $16 Nxc5 36. Qxc5) 35... Qa6 $15 (35... Rxe3 36. Rxe3 Rxe3 37. Qd2 $11) 36. e4 (36. Rd2 $1 $11 {keeps the balance.}) 36... Ne5 (36... d4 $17 {...Ne5 is the strong threat.} 37. Rd2 {[#]} Nd5 $1) 37. Qd1 $1 ({Don't play} 37. Qd2 Nbd7 38. Nh3 (38. Qxg5+ $2 Rg6 $19) 38... f6 $17) 37... Qb5 (37... g4 $5 38. Nxg4 Nxg4 39. fxg4 Nd7 $17) 38. Rec2 Nec4 (38... Nbc4 $5 ) 39. Rxc4 Nxc4 40. Qxd5 Ne5 (40... Nxb2 $2 41. Rxc5 Qb8 42. Bc3 $18) 41. Bc3 Qc6 42. Bxe5 (42. Qd2 $11) 42... Qxd5 {[%emt 0:00:06][%mdl 64] [#] Remove Defender. Black is slightly better.} 43. exd5 Rxe5 44. Ne4 {[%emt 0:00:04] aiming for Nf6+.} Kg7 {[%emt 0:00:23] Prevents Nf6.} 45. d6 {[%emt 0:01:50] Weighted Error Value: White=0.19 (very precise) /Black=0.18 (very precise)} ({Reject} 45. Rxc5 Rb8 46. Nf2 Rd8 $17) 1/2-1/2

[Event "FIDE WSCC 50 2022"]
[Site "Assisi"]
[Date "2022.11.18"]
[Round "4.3"]
[White "Novik, Maxim"]
[Black "Bischoff, Klaus"]
[Result "1-0"]
[ECO "C00"]
[WhiteElo "2412"]
[BlackElo "2479"]
[Annotator "TA"]
[PlyCount "43"]
[EventDate "2022.11.14"]
[EventType "swiss"]
[EventCountry "ITA"]
[SourceTitle "playchess.com"]
[Source "ChessBase"]
[SourceQuality "1"]
[TimeControl "40/5400+30:1800+30"]

1. Nf3 Nf6 2. g3 d5 3. Bg2 e6 4. O-O Be7 5. d3 c5 6. Nbd2 Nc6 7. e4 b6 8. Re1 Bb7 9. c3 Qc7 10. Qe2 h6 11. a3 O-O-O 12. b4 g5 {[%emt 0:01:11] [#] C00: French: Unusual White 2nd moves.} 13. bxc5 $1 bxc5 {[%emt 0:02:25] [#]} 14. Rb1 $146 ({Predecessor:} 14. Nb3 Ba6 15. c4 d4 16. Bd2 Nd7 17. Reb1 Rdg8 18. Qe1 g4 19. Nh4 Nde5 20. Qe2 Bxh4 21. Nxc5 {0-1 (41) Amerkeshev,M (2132)-Petkova,V (1947) Sofia 2007}) 14... dxe4 ({Better is} 14... Ba6) 15. Nxe4 $16 Nd7 {[%emt 0:07:35] [#]} (15... Nxe4 $16 {might work better.} 16. Qxe4 Bf6) 16. d4 $1 $18 Rhe8 17. Be3 c4 18. Qxc4 (18. Nfd2 $142) 18... Nb6 (18... Na5 19. Qxc7+ Kxc7) 19. Qb5 f5 $2 (19... Nb8) 20. Nc5 {[%emt 0:01:49] White is clearly winning.} Bxc5 21. dxc5 ({Avoid the trap} 21. Qxc5 $2 Rd5 22. Rxb6 Rxc5 23. Rxb7 Kxb7 $19) 21... Nd5 22. Bd4 {[%emt 0:04:52] Black got outplayed after the opening.  Weighted Error Value: White=0.26 (precise) /Black=0.92} 1-0

[Event "FIDE WSCC 50 2022"]
[Site "Assisi"]
[Date "2022.11.18"]
[Round "4.4"]
[White "Holzke, Frank"]
[Black "Krizsany, Laszlo"]
[Result "1/2-1/2"]
[ECO "A40"]
[WhiteElo "2476"]
[BlackElo "2371"]
[Annotator "TA"]
[PlyCount "32"]
[EventDate "2022.11.14"]
[EventType "swiss"]
[EventCountry "ITA"]
[SourceTitle "playchess.com"]
[Source "ChessBase"]
[SourceQuality "1"]
[TimeControl "40/5400+30:1800+30"]

1. d4 {[%emt 0:00:11] Stohl,I} b6 2. e4 Bb7 3. Bd3 e6 4. c4 f5 5. exf5 Bb4+ 6. Kf1 Nf6 7. Be2 ({White should try} 7. a3 $16 Bd6 8. fxe6) 7... O-O {[%emt 0:01:19] A40: Unusual replies to 1 d4.} (7... Qe7 $14) 8. c5 $1 $16 bxc5 9. a3 Ba5 {[%emt 0:01:00] Threatens to win with ...cxd4. White is better.} 10. dxc5 Nd5 {[%emt 0:03:36] [#]} 11. Nf3 $1 {[%emt 0:00:13] [#] Bg5 is the strong threat.} ({Don't go for} 11. b4 $2 Qf6 12. Ra2 Qxf5 $17) 11... c6 $146 ({Predecessor:} 11... Rxf5 12. b4 Nxb4 13. axb4 Bxb4 14. Bb2 a5 15. h4 Rd5 16. Qb3 Na6 17. Nc3 Nxc5 {1-0 (46) Beliavsky,A (2710)-Short,N (2660) Groningen 1997 CBM 063 [Stohl,I]}) 12. fxe6 dxe6 13. Qd4 ({Better is} 13. Qc2 $16) 13... Nd7 14. Nc3 (14. Nbd2 $14) 14... e5 $1 $15 15. Qc4 {[%emt 0:05:09] Black must now prevent b4.} (15. Nxe5 Nxe5 16. Qxe5 Qh4) 15... Bxc3 16. bxc3 {[%emt 0:00:11] [#]} a5 $1 {[%emt 0:00:00] Weighted Error Value: White=0.23 (precise) /Black=0.08 (flawless)} 1/2-1/2

[Event "FIDE WSCC 50 2022"]
[Site "Assisi"]
[Date "2022.11.18"]
[Round "4.5"]
[White "Prie, Eric"]
[Black "Pavlovic, Milos"]
[Result "1-0"]
[ECO "C02"]
[WhiteElo "2356"]
[BlackElo "2447"]
[Annotator "TA"]
[PlyCount "51"]
[EventDate "2022.11.14"]
[EventType "swiss"]
[EventCountry "ITA"]
[SourceTitle "playchess.com"]
[Source "ChessBase"]
[SourceQuality "1"]
[TimeControl "40/5400+30:1800+30"]

1. d4 e6 2. Nf3 c5 3. c3 Nc6 4. e4 d5 5. e5 Bd7 6. Be2 Nge7 7. Na3 Ng6 8. h4 {[%emt 0:02:26][%cal Bh2h4,Bh4h5,Bh5g6][%mdl 32] C02: French: Advance Variation.} cxd4 9. cxd4 h6 10. h5 {[%emt 0:09:58] White is slightly better.} Bxa3 {[%emt 0:00:18] [#]} 11. hxg6 $146 ({Predecessor:} 11. bxa3 Nge7 12. Rb1 Na5 13. Rh3 Qc7 14. Kf1 O-O-O 15. a4 Kb8 16. Ba3 Nc8 17. Nd2 {1-0 (97) Sengupta,D (2555)-Nikolic,P (2622) Leiden 2013}) 11... Bb4+ 12. Kf1 $1 ({But not} 12. Bd2 Bxd2+ 13. Qxd2 f6 $11) 12... f6 13. a3 Be7 14. b4 fxe5 15. dxe5 a6 16. Bf4 {[%emt 0:05:44] White is more active.} Qb6 17. Rc1 O-O (17... Rc8 $16 {was necessary.}) 18. Be3 $18 Qc7 {[%emt 0:01:06][%cal Of8f3] [#]} 19. Bxh6 $1 Rxf3 $16 20. Bxg7 Rf5 $2 (20... Kxg7 $11 {and Black stays safe.} 21. Rh7+ (21. Bxf3 Qxe5 22. Rh5 Qf6 $17) 21... Kg8 22. Bxf3 Qxe5) 21. Qd2 {[%emt 0:15:08] Threatening mate with Rh8+.} Rg5 $2 {[%emt 0:03:57] [#]} (21... Bg5 22. Bf6 Bxf6 23. exf6 Qf4 24. Qxf4 (24. f7+ Kg7 $15) 24... Rxf4) 22. Bf6 $2 (22. Qf4 $1 $18 Rxg6 (22... Be8 23. Bf6) 23. Rc3) 22... Bxf6 23. exf6 $40 {[%emt 0:00:09][%mdl 128] White attacks with force. Dancing on a razor blade.} Rxg6 (23... Qe5 $16 24. g7 (24. Rh7 Be8 $11) 24... Kf7) 24. Bd3 $18 Be8 25. Bxg6 Bxg6 26. Qg5 {[%emt 0:00:33] Weighted Error Value: White=0.43/Black=0.83} 1-0

[Event "FIDE WSCC 50 2022"]
[Site "Assisi"]
[Date "2022.11.18"]
[Round "4.6"]
[White "Danielsen, Henrik"]
[Black "Cummings, David H."]
[Result "1/2-1/2"]
[ECO "B15"]
[WhiteElo "2514"]
[BlackElo "2318"]
[Annotator "TA"]
[PlyCount "47"]
[EventDate "2022.11.14"]
[EventType "swiss"]
[EventCountry "ITA"]
[SourceTitle "playchess.com"]
[Source "ChessBase"]
[SourceQuality "1"]
[TimeControl "40/5400+30:1800+30"]

1. e4 c6 2. d4 d5 3. Nd2 dxe4 4. Nxe4 Nf6 5. Nxf6+ exf6 6. Be3 Bd6 {[%emt 0:01:05] B15: Caro-Kann: 3 Nc3: 3...g6 and 3...dxe4 4 Nxe4 Nf6 5 Nxf6+ exf6.} 7. Bd3 O-O 8. Ne2 ({Don't play} 8. Qh5 g6 9. Qd1 Qb6 $11) 8... Re8 9. Qd2 Na6 {[%emt 0:04:17][%cal Bb8a6,Ba6b4,Bb4d3][%mdl 32] [#]} 10. O-O $146 (10. Bxa6 $11 bxa6 11. O-O) ({Predecessor:} 10. c3 Nc7 11. Bf4 Nd5 12. Bxd6 Qxd6 13. O-O Bg4 14. Rfe1 Bxe2 15. Bxe2 Qf4 16. Qxf4 Nxf4 {1-0 (45) Bouzidi,A (2105)-Tritar,K (1822) Sousse 2021}) 10... Nb4 $15 11. Bf4 Nxd3 12. Qxd3 Bg4 13. f3 {[%emt 0:04:31] [#]} Bf5 14. Qxf5 {[%emt 0:00:24] aiming for Bxd6.} Rxe2 {[%emt 0:00:06] The position is equal.} 15. Qd3 $1 {[%emt 0:01:26] Strongly threatening Bxd6.} Re7 ({Resist} 15... Bxf4 16. Qxe2 Qxd4+ 17. Kh1 $16) 16. Bxd6 Qxd6 17. Rae1 Rae8 18. Rxe7 Qxe7 $11 {[%emt 0:03:01][%mdl 4096] Endgame KQR-KQR} 19. c3 {[%emt 0:05:59] Inhibits Qb4.} Qe2 (19... h5 {with more complications.} 20. Kf2 g5 21. Rd1 b5) 20. Qxe2 Rxe2 21. Rf2 $1 Re1+ 22. Rf1 Re2 23. Rf2 $1 Re1+ 24. Rf1 {[%emt 0:00:06] An even fight not without its subleties.  Weighted Error Value: White=0.08 (flawless) /Black=0.05 (flawless)} 1/2-1/2

[Event "FIDE WSCC 50 2022"]
[Site "Assisi"]
[Date "2022.11.18"]
[Round "4.7"]
[White "Vinter-Schou, Uffe"]
[Black "Nevednichy, Vladislav"]
[Result "1/2-1/2"]
[ECO "E62"]
[WhiteElo "2375"]
[BlackElo "2499"]
[Annotator "TA"]
[PlyCount "139"]
[EventDate "2022.11.14"]
[EventType "swiss"]
[EventCountry "ITA"]
[SourceTitle "playchess.com"]
[Source "ChessBase"]
[SourceQuality "1"]
[TimeControl "40/5400+30:1800+30"]

1. Nf3 Nf6 2. c4 g6 3. g3 Bg7 4. Bg2 O-O 5. O-O d6 6. d4 c6 7. Nc3 Bf5 8. Re1 Ne4 9. Qb3 {[%emt 0:00:52] 9.Qb3 scores better than 9.Nxe4.} Nxc3 10. bxc3 Bc8 {[%emt 0:00:07] E62: King's Indian: Fianchetto: 6...c6 and Panno Variation (6...Nc6) without ...a6.} 11. e4 Nd7 12. a4 Qc7 {[%emt 0:09:04] [#]} 13. Be3 $146 ({Predecessor:} 13. Ba3 c5 14. e5 dxe5 15. Rad1 Re8 16. Ng5 h6 17. Ne4 Rb8 18. Nxc5 {½-½ (18) Greenfeld,A (2560)-Klenburg,M (2403) Israel 2009}) 13... c5 14. a5 e5 15. dxe5 dxe5 16. Nd2 Rb8 17. Nf1 Nf6 18. Bc1 Be6 19. Ne3 h6 20. Rd1 Rfd8 21. Nd5 Bxd5 22. cxd5 Ne8 23. Be3 Nd6 24. f3 Kh7 25. Bf1 Rf8 26. Qa3 {[%emt 0:00:24] White is more active.} Rbc8 27. Bd3 f5 28. Kg2 f4 29. Bg1 h5 30. Rf1 Rf7 31. Rae1 ({White should try} 31. c4 $16) 31... g5 (31... c4 $14 32. Be2 a6) 32. gxf4 (32. c4 $16) 32... gxf4 ({Better is} 32... c4 $1 $14 33. Be2 gxf4) 33. Bf2 (33. c4 $16) 33... Bf8 34. c4 Qd7 35. Rg1 (35. Bxc5 $2 Rg7+ 36. Kh1 Qh3 $1 $19) 35... Rg7+ 36. Kh1 Nf7 (36... Qh3 $2 37. Rxg7+ (37. Bf1 Rxg1+ 38. Kxg1 Qd7 $16) 37... Bxg7 38. Bf1 $16) 37. Rxg7+ Kxg7 38. Rg1+ Kh7 39. Bf1 Bd6 40. h4 Rg8 41. Rxg8 (41. Bxc5 $2 Qe7 42. Qb2 (42. Rxg8 $2 Bxc5 43. Qb2 Qxh4+ 44. Qh2 Qxh2+ 45. Kxh2 Kxg8 $19) 42... Bxc5 $19) (41. Bg2 {with more complications.} Rg7 42. Kh2 Qd8 43. Bh3) 41... Kxg8 42. Kh2 ({Reject} 42. Bxc5 $6 Qe7 43. Bxd6 Qxh4+ 44. Kg2 (44. Kg1 Qg3+ 45. Bg2 Qe1+ 46. Bf1 Nxd6 $11) 44... Qg3+ 45. Kh1 Qh4+ 46. Kg2 (46. Kg1 Qg3+ 47. Bg2 Qe1+ 48. Bf1 Nxd6 $11) 46... Qg3+ 47. Kh1 Qh4+ $11) 42... Qd8 43. Bh3 Kg7 44. Qa1 Nh8 45. Bf5 Ng6 (45... Kh6 $16 46. Kh3 b6) 46. Kh3 (46. Bxg6 $18 Kxg6 47. Qf1) 46... Nf8 $2 (46... Kh6 $16) 47. Qg1+ $18 Kf7 48. Bxc5 Bxc5 49. Qxc5 {[%emt 0:00:00] Strongly threatening d6.} b6 50. axb6 Qxb6 51. Qxb6 axb6 {[%emt 0:00:00][%mdl 4096] Endgame KB-KN} 52. Kg2 Ke7 53. Kf2 Kd6 54. Ke2 Kc5 55. Kd3 b5 56. cxb5 Kxb5 57. Kc3 Kc5 58. Kb3 Kd4 {[%emt 0:00:00] [#]} 59. d6 $1 Ke3 60. Kc4 ({Weaker is} 60. d7 Nxd7 61. Bxd7 Kxf3 $11) 60... Kxf3 61. Kd5 ({And not} 61. d7 Nxd7 62. Bxd7 Kxe4 $11) 61... Kg3 62. Kxe5 f3 {[%emt 0:00:00] [#]} 63. Bc8 $2 (63. d7 $1 $18 Nxd7+ 64. Bxd7 Kxh4 65. Kd4) 63... Kxh4 $11 {[%emt 0:00:00] aiming for ...Kg3. The position is equal.} (63... f2 $5 64. Ba6 $8 Kxh4 $18) 64. Kf4 f2 65. Ba6 Ne6+ 66. Kf3 Kg5 67. Kxf2 {[%emt 0:00:17] Hoping for Bc4.} Kf4 68. Bc8 Nc5 69. Bf5 Ke5 70. d7 {[%emt 0:04:23] White really could win this.  Weighted Error Value: White=0.13 (very precise) /Black=0.15 (very precise)} 1/2-1/2